 Dungeon Crawl Stone Soup version 0.21.1-1-g345015fe64 (webtiles) character file.

518 Lavandula the Ruffian (level 7, 0/56 HPs)
             Began as a Deep Dwarf Transmuter on May 28, 2018.
             Slain by an ogre
             ... wielding a +0 giant spiked club
              (24 damage)
             ... on level 4 of the Dungeon.
             The game lasted 00:06:05 (1370 turns).

Lavandula the Ruffian (Deep Dwarf Transmuter)       Turns: 1370, Time: 00:06:06

Health: 0/56       AC:  2    Str: 16    XL:     7   Next: 1%
Magic:  5/10       EV: 20    Int: 13    God:
Gold:   38         SH:  0    Dex: 18    Spells: 5/11 levels left

rFire    . . .     SeeInvis .     - Unarmed
rCold    . . .     Gourm    .   (shield currently unavailable)
rNeg     . . .     Faith    .   (armour currently unavailable)
rPois    x         Spirit   .   (helmet currently unavailable)
rElec    .         Reflect  .   (cloak currently unavailable)
rCorr    .         Harm     .   (gloves currently unavailable)
MR       +....                  (boots currently unavailable)
Stlth    ++........             (no amulet)
HPRegen  0.00/turn              (no ring)
MPRegen  0.12/turn              (no ring)

@: spider-form (expiring), non-regenerating
A: tiny, damage resistance, heal wounds, sense surroundings 1, no regeneration
a: Heal Wounds, End Transformation


You were on level 4 of the Dungeon.
You were not hungry.
You were a venomous arachnid creature.
You visited 1 branch of the dungeon, and saw 4 of its levels.
You also visited: Sewer.

You collected 38 gold pieces.

Inventory:

Hand Weapons
 q - a +0 war axe
Missiles
 a - 33 arrows
 f - 11 poisoned needles
Armour
 e - a +0 pair of boots (melded)
 k - a cursed +0 pair of gloves (melded)
 r - a +2 robe of magic resistance (melded)
Scrolls
 h - 2 scrolls of teleportation
 i - 2 scrolls of fear
 m - a scroll of blinking {unknown}
 n - a scroll of fog
 p - a scroll of amnesia {unknown}
Potions
 g - 3 potions of curing
 j - a potion of might {unknown}
 l - 2 potions of flight {unknown}
 o - 3 potions of haste {unknown}
Books
 c - a book of Changes

   Spells                             Type                      Level
   a - Beastly Appendage              Transmutation                1
   b - Sticks to Snakes               Transmutation                2
   c - Spider Form                    Transmutation/Poison         3
   d - Ice Form                       Ice/Transmutation            4
   e - Blade Hands                    Transmutation                5
Comestibles
 b - a chunk of flesh
 d - 4 rations


   Skills:
 - Level 0.8 Fighting
 - Level 2.1 Dodging
 + Level 7.0 Unarmed Combat
 - Level 2.5 Spellcasting
 - Level 1.7 Transmutations


You had 5 spell levels left.
You knew the following spells:

 Your Spells              Type           Power        Failure   Level  Hunger
a - Beastly Appendage     Tmut           #.....       28%         1    #......
b - Sticks to Snakes      Tmut           #.......     38%         2    ###....
c - Spider Form           Tmut/Pois      #.........   67%         3    ###....


Dungeon Overview and Level Annotations

Branches:
Dungeon (4/15)
 Temple: D:4-7

Altars:
Elyvilon
Sif Muna


Innate Abilities, Weirdness & Mutations

You are resistant to damage.
You can heal yourself by infusing magical energy.
You passively map a small area around you.
You do not regenerate.


Message History

You see here a ration.
You see here a ration.
d - 4 rations (gained 1)
Casting: Beastly Appendage
Confirm with . or Enter, or press ? or * to list all spells.
You turn into a venomous arachnid creature.
Your cursed +0 pair of gloves melds into your body.
Your +0 pair of boots melds into your body.
Your +2 robe of magic resistance melds into your body.
You feel less resistant to hostile enchantments.
The worker ant completely misses you.
You hit the worker ant.
The worker ant is poisoned.
The worker ant is lightly wounded.
The worker ant misses you.
You barely miss the worker ant.
The worker ant is heavily wounded.
Your transformation is almost over.
The worker ant bites you.
The ogre hits you with a giant spiked club!!
You die...

########..#* #.# ,
#.....$...# #.## ..#.....##
#..# ##.......##
##.########## #.........#
#........... #.........#
#####........ *
#.........#####...†........
,
#........O#.....###........
#........as.##### #.......#
, ..........### #.......#
*#.........# #.......#
#.........# #########
#.........# , #.........#
##.......## * ##.....## *


You could see an ogre and a worker ant.

Vanquished Creatures
  Eustachio (D:4)
  A phantom (D:4)
  A big kobold (Sewer)
  An orc wizard (D:4)
  A bullfrog skeleton (D:2)
  A hound (D:4)
  An iguana (D:4)
  3 adders
  A river rat (Sewer)
  2 oozes (Sewer)
  An adder skeleton (D:4)
  5 worms
  2 leopard geckos
  5 orcs
  5 giant cockroaches
  4 goblins
  3 hobgoblins (D:1)
  8 kobolds
  4 ball pythons (Sewer)
  2 bats
  A frilled lizard (D:1)
  9 rats
62 creatures vanquished.

Notes
Turn   | Place    | Note
-------+----------+-------------------------------------------
     0 | D:1      | Lavandula the Deep Dwarf Transmuter began the quest for the Orb.
     0 | D:1      | Reached XP level 1. HP: 16/16 MP: 3/3
   140 | D:1      | Reached skill level 3 in Unarmed Combat
   172 | D:1      | Reached XP level 2. HP: 13/24 MP: 2/4
   258 | D:2      | Reached skill level 4 in Unarmed Combat
   258 | D:2      | Reached XP level 3. HP: 8/30 MP: 3/5
   262 | D:2      | Learned a level 2 spell: Sticks to Snakes
   538 | D:3      | Reached XP level 4. HP: 37/37 MP: 5/7
   553 | D:3      | Found a glowing drain.
   557 | Sewer    | Entered a sewer
   562 | Sewer    | Learned a level 3 spell: Spider Form
   656 | Sewer    | Noticed a big kobold
   669 | Sewer    | Killed a big kobold
   669 | Sewer    | Reached skill level 5 in Unarmed Combat
   669 | Sewer    | Reached XP level 5. HP: 11/43 MP: 6/8
   957 | D:3      | Found a deep blue altar of Sif Muna.
  1120 | D:4      | Noticed Eustachio
  1135 | D:4      | Found a white marble altar of Elyvilon.
  1174 | D:4      | Reached XP level 6. HP: 26/50 MP: 3/9
  1213 | D:4      | Reached skill level 6 in Unarmed Combat
  1263 | D:4      | Killed Eustachio
  1343 | D:4      | Reached skill level 7 in Unarmed Combat
  1343 | D:4      | Reached XP level 7. HP: 24/56 MP: 5/10
  1370 | D:4      | Slain by an ogre

Skill      XL: |  1  2  3  4  5  6 |
---------------+-------------------+-----
Unarmed Combat | 3 4 5 7 |  7.0
Spellcasting   | 2 |  2.5
Fighting       | |  0.8
Dodging        | |  2.1
Transmutations | |  1.7

Action                   |  1- 3 |  4- 6 |  7- 9 || total
-------------------------+-------+-------+-------++-------
Melee: Unarmed           |    92 |   182 |     2 ||   276
       Headbutt          |     9 |     9 |       ||    18
       Kick              |     3 |       |       ||     3
       Punch             |     1 |     3 |       ||     4
 Cast: Beastly Appendage |    13 |    11 |       ||    24
       Sticks to Snakes  |     3 |       |       ||     3
       Spider Form       |       |     7 |     1 ||     8
 Abil: Heal Wounds       |     2 |     4 |       ||     6
  Use: Scroll            |     3 |       |       ||     3
 Stab: Distracted        |     1 |       |       ||     1
       Sleeping          |     1 |       |       ||     1
  Eat: Chunk             |       |     4 |       ||     4
Armor: Robe              |    17 |    24 |       ||    41
       Skin              |       |     3 |       ||     3
Dodge: Dodged            |    51 |   104 |     2 ||   157
